 Dungeon Crawl Stone Soup version 0.27-a0-1137-g3ef0f4ec91 (webtiles) character file.

Game seed: 8194102570175527945

49 kae the Slasher (level 3, -4/29 HPs)
             Began as a Demonspawn Abyssal Knight on May 6, 2021.
             Was a Follower of Lugonu.
             Slain by a worm (10 damage)
             ... on level 2 of the Dungeon.
             The game lasted 00:00:36 (1538 turns).

kae the Slasher (Demonspawn Abyssal Knight)         Turns: 1538, Time: 00:00:36

Health: -4/29      AC:  3    Str: 13    XL:     3   Next: 53%
Magic:  4/4        EV: 11    Int: 13    God:    Lugonu [*.....]
Gold:   41         SH:  0    Dex: 12    Spells: 2/2 levels left

rFire    . . .     SeeInvis .   a - +1 falchion
rCold    . . .     Faith    .   (no shield)
rNeg     . . .     Spirit   .   b - +0 leather armour
rPois    .         Reflect  .   (helmet restricted)
rElec    .         Harm     .   (no cloak)
rCorr    .         Rampage  .   (no gloves)
Will     .....                  (no boots)
Stlth    +.........             (no amulet)
HPRegen  0.09/turn              (no ring)
MPRegen  0.18/turn              (no ring)

@: no status effects
A: antennae 1, magic regeneration
a: Renounce Religion, Depart the Abyss


You were on level 2 of the Dungeon.
You worshipped Lugonu.
Lugonu was aware of your devotion.
You visited 1 branch of the dungeon, and saw 2 of its levels.
You visited the Abyss 1 time.

You collected 41 gold pieces.

Inventory:

Hand Weapons
 a - a +1 falchion (weapon)
Armour
 b - a +0 leather armour (worn)
Potions
 d - 2 potions of might
 e - a potion of curing
 f - a potion of cancellation {unknown}
 h - a potion of brilliance {unknown}


   Skills:
 - Level 3.0 Fighting
 + Level 3.6 Long Blades
 - Level 1.7 Armour
 - Level 0.8 Dodging
 - Level 2.4 Invocations


You had 2 spell levels left.
You didn't know any spells.
Your spell library was empty.

Dungeon Overview and Level Annotations

Branches:
Dungeon (2/15)

Altars:


Innate Abilities, Weirdness & Mutations

You have a pair of small antennae on your head.
You regenerate magic rapidly.


Message History

The adder zombie misses you.
You riposte.
You hit the adder zombie.
The adder zombie is heavily damaged.
The adder zombie closely misses you.
You hit the adder zombie.
The adder zombie is severely damaged.
The adder zombie bites you.
An adder zombie is nearby!
You hit the adder zombie.
You destroy the adder zombie!
Lugonu accepts your kill.
No target in view!
A worm comes into view.
A worm is nearby!
A worm is nearby!
A worm is nearby!
The worm bites you!
You hit the worm.
The worm is lightly wounded.
You hit the worm.
The worm is heavily wounded.
The worm bites you!
You are too injured to fight recklessly!
You are too injured to fight recklessly!
You are too injured to fight recklessly!
You are too injured to fight recklessly!
You are too injured to fight recklessly!
You are too injured to fight recklessly!
You hit the worm.
The worm is heavily wounded.
The worm completely misses you.
You barely miss the worm.
The worm is heavily wounded.
You hit the worm.
The worm is severely wounded.
The worm bites you!
* * * LOW HITPOINT WARNING * * *
You barely miss the worm.
The worm is severely wounded.
The worm bites you!
You die...

####.#### ##.## #.....
...# #####. #..# #. #..#
#. # ##..## ####.
#.#....# ##.##.
.###......#########...#.
.'....w@.............)..
.###......#########...#.
#......# #..... ######.#
#.###. #.# #.# #. #.#
#.# #. #.# #.. .. #.#
#.# ##


You could see a worm.

Vanquished Creatures
  A gnoll (D:1)
  An adder (D:2)
  An adder zombie (D:2)
  3 ball pythons (D:1)
  3 bats
  2 endoplasms (D:2)
  3 giant cockroaches (D:1)
  3 goblins
  2 quokkas
  5 kobolds
  2 rats (D:1)
26 creatures vanquished.

Notes
Turn   | Place    | Note
-------+----------+-------------------------------------------
     0 | Abyss:1  | kae the Demonspawn Abyssal Knight began the quest for the
                  | Orb.
     0 | Abyss:1  | Reached XP level 1. HP: 18/18 MP: 2/2
    66 | Abyss:1  | Noticed a small abomination
   101 | Abyss:2  | Noticed a wretched star
   102 | D:1      | Escaped the Abyss
   378 | D:1      | Reached * piety under Lugonu
   383 | D:1      | Gained mutation: You regenerate magic rapidly. [demonic
                  | ancestry]
   383 | D:1      | Reached XP level 2. HP: 18/24 MP: 3/3
  1103 | D:2      | Gained mutation: You have a pair of small antennae on your
                  | head. [demonic ancestry]
  1103 | D:2      | Reached XP level 3. HP: 22/29 MP: 4/4
  1538 | D:2      | Slain by a worm

Illustrated notes

Levels and vault maps discovered:
D:1:      minmay_arrival_four_circles, layout_rooms, nrook_campfire
D:2:      layout_loops_corners

Skill      XL: |  1  2 |
---------------+-------+-----
Long Blades    | 2 3 |  3.6
Fighting       | |  3.0
Armour         | |  1.7
Dodging        | |  0.8
Invocations    | |  2.4

Action                   || total
-------------------------++-------
Melee: Falchion          ||    82
Invok: Depart the Abyss  ||     1
  Use: Scroll            ||     3
Armor: Leather armour    ||    18
Dodge: Dodged            ||    54
       Rpst.: Falchion   ||    16

Table legend: (Time is in decaauts)
 A = Elapsed time spent in this place.
 B = Non-inter-level travel time spent in this place.
 C = Inter-level travel time spent in this place.
 D = Time resting spent in this place.
 E = Time spent auto-exploring this place.
 F = Levels seen in this place.
 G = Mean time per level.
                   A        B        C        D        E       F      G
               +--------+--------+--------+--------+--------+-----+--------+
         Total |   1550 |   1545 |      5 |      0 |   1358 |   4 |  387.5 |
       Dungeon |   1448 |   1443 |      5 |      0 |   1263 |   2 |  724.0 |
         Abyss |    101 |    101 |      0 |      0 |     95 |   2 |   50.5 |
               +--------+--------+--------+--------+--------+-----+--------+

Top non-repeatable levels by time:
     D:1: 1003 daAuts
     D:2: 445 daAuts
 Abyss:1: 70 daAuts
 Abyss:2: 31 daAuts
